 Dungeon Crawl Stone Soup version 0.31.0-9-g3a7656b989 (webtiles) character file.

Game seed: 3619336898252784424

93 Eitelfritz the Ducker (level 4, -2/37 HPs)
             Began as a Minotaur Gladiator on Feb 3, 2024.
             Slain by an orc
             ... wielding a +0 short sword
              (4 damage)
             ... on level 3 of the Dungeon.
             The game lasted 00:03:20 (1276 turns).

Eitelfritz the Ducker (Minotaur Gladiator)          Turns: 1276, Time: 00:03:21

Health: -2/37      AC:  5    Str: 17 (18) XL:     4   Next: 36%
Magic:  3/3        EV: 17    Int:  5 (7)  God:
Gold:   6          SH:  0    Dex: 10 (12) Spells: 3/3 levels left

rFire   + . .        a - +0 long sword
rCold   . . .        (no shield)
rNeg    . . .        p - +0 ring mail {rF+}
rPois   .            c - +0 hat
rElec   .            (no cloak)
rCorr   .            (no gloves)
SInv    .            (no boots)
Will    .....        (no amulet) Stlth
                     k - +5 ring of evasion
HPRegen 0.26/turn    (no ring)
MPRegen 0.08/turn

%: no passive effects
@: no status effects
A: horns 2, retaliatory headbutt
a: no special abilities


You were on level 3 of the Dungeon.
You visited 1 branch of the dungeon, and saw 3 of its levels.

You collected 84 gold pieces.
You spent 78 gold pieces at shops.

Inventory:

Hand Weapons
 a - a +0 long sword (weapon)
Missiles
 d - 3 throwing nets (quivered)
 e - a javelin
Armour
 c - a +0 hat (worn)
 l - a +0 plate armour
 o - a +0 chain mail
 p - a +0 ring mail of fire resistance (worn)
Jewellery
 k - a +5 ring of evasion (left hand)
Scrolls
 f - 4 scrolls of identify
 g - 3 scrolls of teleportation
 h - a scroll of enchant weapon {unknown}
 j - a scroll of enchant armour {unknown}
 m - a scroll of amnesia {unknown}
 q - a scroll of brand weapon {unknown}
Potions
 i - a potion of heal wounds {unknown}
 n - a potion of curing {unknown}


   Skills:
 + Level 2.8 Fighting
 + Level 4.4 Long Blades
 + Level 2.0 Throwing
 + Level 1.7 Armour
 + Level 4.6 Dodging


You had 3 spell levels left.
You didn't know any spells.
Your spell library contained the following spells:

 Spells                   Type           Power      Damage    Failure   Level
 Shock                    Conj/Air       0%         1d3       67%         1
 Dazzling Flash           Conj/Hex       0%         N/A       96%         3
 Hailstorm                Conj/Ice       0%         3d5       96%         3
 Mephitic Cloud           Conj/Alch/Air  0%         N/A       96%         3
 Summon Ice Beast         Ice/Summ       0%         N/A       96%         3
 Swiftness                Air            0%         N/A       96%         3
 Airstrike                Air            0%         2d(0-16)  100%        4
 Curse of Agony           Necr           0%         N/A       100%        5
 Silence                  Hex/Air        0%         N/A       100%        5
 Sculpt Simulacrum        Ice/Alch       0%         N/A       100%        6


Dungeon Overview and Level Annotations

Branches:
Dungeon (3/15)

Altars:
Xom

Shops:
D:2 ?


Innate Abilities, Weirdness & Mutations

You have a pair of horns on your head.
You reflexively headbutt those who attack you in melee.


Message History

You barely resist.
A rat comes into view.
The orc priest misses you. The orc hits you but does no damage.
The rat squeaks loudly.
You hit the orc priest.
The orc priest is moderately wounded.
The orc priest closely misses you. The orc hits you with a +0 short sword.
You closely miss the orc priest. Your headbutt misses the orc priest.
Your punch misses the orc priest.
The orc priest is moderately wounded.
The orc priest completely misses you. You furiously retaliate!
You headbutt the orc priest! The orc hits you with a +0 short sword.
You hit the orc priest but do no damage.
The orc priest is almost dead.
The orc priest mumbles some strange prayers to Beogh against you.
Beogh smites you! The orc closely misses you.
You hit the orc priest but do no damage.
Your headbutt misses the orc priest.
The orc priest is almost dead.
The orc priest hits you with a +0 dagger.
The orc completely misses you. You furiously retaliate!
You headbutt the orc. You barely miss the orc priest.
Your headbutt misses the orc priest.
The orc priest is almost dead.
The orc completely misses you. The orc priest barely misses you.
You closely miss the orc priest.
The orc priest is almost dead.
The orc priest hits you with a +0 dagger.
The orc hits you with a +0 short sword. The orc barely misses you.
The orc priest mumbles some strange prayers to Beogh against you.
Pain shoots through your body!
* * * LOW HITPOINT WARNING * * *
It was a potion of degeneration.
There was something very wrong with that liquid.
You feel weakened.
You feel dopey.
You feel clumsy.
The orc priest casts a cantrip, but nothing happens.
The orc misses you.
You hit the orc priest.
You kill the orc priest!
The orc hits you with a +0 short sword.
You die...

+...... ####... #..#
#.## #.## #+# #.## # #.#
#.## #...########.# #.#
#....r@...#.## #.##
#.#..###o#....#######...
#. #)#.....#.......#
#.#...)##.###....
#.............#.#
###.#.###.#####.# #.#.#
#.# #.# ..#.# #.# #.#
####.# #.. ..#


You could see an orc and a rat.

Vanquished Creatures
  2 orc priests (D:3)
  Robin (D:2)
  2 orcs (D:3)
  2 endoplasms
  2 giant cockroaches (D:2)
  13 goblins
  8 hobgoblins
  A quokka (D:1)
  5 ball pythons
  4 bats
  A frilled lizard (D:1)
  3 kobolds (D:1)
  3 rats
47 creatures vanquished.

Notes
Turn   | Place    | Note
-------+----------+-------------------------------------------
     0 | D:1      | Eitelfritz the Minotaur Gladiator began the quest for the
                  | Orb.
     0 | D:1      | Reached XP level 1. HP: 18/18 MP: 0/0
     2 | D:1      | Noticed an octopode
     4 | D:1      | Noticed a troll
     4 | D:1      | Noticed a demonspawn
     6 | D:1      | Noticed a minotaur
     6 | D:1      | Noticed an armataur
     8 | D:1      | Noticed an elf
     8 | D:1      | Noticed a ghoul
    10 | D:1      | Noticed an oni
    10 | D:1      | Noticed a demigod
    12 | D:1      | Noticed a gargoyle
    14 | D:1      | Noticed a tengu
    16 | D:1      | Noticed a spriggan
    16 | D:1      | Noticed a draconian
    18 | D:1      | Noticed a formicid
    18 | D:1      | Noticed a vine stalker
    20 | D:1      | Noticed a djinni
    20 | D:1      | Noticed a barachi
    22 | D:1      | Noticed a felid
    22 | D:1      | Noticed a naga
    24 | D:1      | Noticed a human
    24 | D:1      | Noticed a vampire
    26 | D:1      | Noticed a merfolk
   227 | D:1      | Reached XP level 2. HP: 25/25 MP: 1/1
   714 | D:2      | Noticed Robin
   740 | D:2      | Reached XP level 3. HP: 27/30 MP: 2/2
   847 | D:2      | Killed Robin
   885 | D:2      | Found a shimmering altar of Xom.
   949 | D:2      | Found Laple's Magic Scroll Shop.
  1097 | D:2      | Reached skill level 1 in Armour
  1157 | D:2      | Bought a scroll of identify for 26 gold pieces
  1157 | D:2      | Bought a scroll of teleportation for 39 gold pieces
  1157 | D:2      | Bought a scroll of noise for 13 gold pieces
  1249 | D:3      | Reached XP level 4. HP: 35/37 MP: 3/3
  1274 | D:3      | HP: 1/37 [orc priest/nerve-wracking pain (12)]
  1276 | D:3      | Slain by an orc

Illustrated notes

Levels and vault maps discovered:
D:1:      kb_arrival_jail, layout_basic, nicolae_twisty_statue_hallways
D:2:      layout_rooms, serial_shops, nicolae_shop_window_shopping, basic_altar,
          uniq_robin
D:3:      layout_loops_corners, grunt_ministairs_1, minmay_fractal_squares_5,
          uniq_jessica

Skill      XL: |  1  2  3 |
---------------+----------+-----
Dodging        | 4 |  4.6
Long Blades    | 4 |  4.4
Armour         | 1 |  1.7
Fighting       | |  2.8
Throwing       | |  2.0

Action                     |  1- 3 |  4- 6 || total
---------------------------+-------+-------++-------
  Melee: Long sword        |    81 |    13 ||    94
         Headbutt          |    13 |     3 ||    16
    Use: Potion            |       |     1 ||     1
 Armour: Leather armour    |    46 |       ||    46
         Ring mail         |     3 |     8 ||    11
  Dodge: Dodged            |    98 |    13 ||   111
